 Dungeon Crawl Stone Soup version 0.31-a0-507-gbafd7f5274 (webtiles) character file.

Game seed: 5003898932134873824

1447 Gelion the Changeling (level 8, -4/53 (55) HPs)
             Began as an Octopode Shapeshifter on Aug 9, 2023.
             Was an Initiate of Gozag.
             Slain by a wight
             ... wielding a +3 battleaxe of freezing
              (15 damage)
             ... on level 7 of the Dungeon.
             The game lasted 00:06:49 (6046 turns).

Gelion the Changeling (Octopode Shapeshifter)       Turns: 6046, Time: 00:06:50

HP:   -4/53 (55)    AC:  1    Str: 21    XL:     8   Next: 75%
MP:   8/8           EV: 13    Int: 10    God:    Gozag
Gold: 918           SH:  5    Dex: 14    Spells: 7/7 levels left

rFire   . .          .
                       - Unarmed
rCold   + . .        (shield currently unavailable)
rNeg    . . .        (helmet restricted)
rPois   .            p - amulet of reflection
rElec   .            n - +6 ring of strength
rCorr   .            k - ring of protection from cold
SInv    .            (no ring)
Will    .....        (no ring)
Stlth   +            (no ring)
HPRegen 0.28/turn    (no ring)
MPRegen 0.11/turn    (no ring)
                     (no ring)

%: reflection
@: lethally poisoned (-4 -> -7), flux-form, glowing, lightly drained
A: glow, contaminating, almost no armour, amphibious, 8 rings, camouflage 1,
gelatinous body 1, (nimble swimmer 1), tentacles
a: Begin Untransformation, Renounce Religion, Potion Petition, Call Merchant,
Bribe Branch


You were on level 7 of the Dungeon.
You worshipped Gozag.
Gozag was pleased with you.
You were something dangerously unstable.
You visited 2 branches of the dungeon, and saw 8 of its levels.

You collected 1047 gold pieces.
You paid 129 gold pieces to Gozag.

Inventory:

Jewellery
 k - a ring of protection from cold (right tentacle)
 n - a +6 ring of strength (left tentacle)
 p - an amulet of reflection (around mantle)
Talismans
 c - a flux talisman (active)
Wands
 g - a wand of digging (3)
 l - a wand of roots (3)
Scrolls
 i - a scroll of teleportation
Potions
 a - 2 potions of lignification
 e - a potion of cancellation
 f - a potion of berserk rage
 h - 2 potions of curing
 j - a potion of enlightenment
 m - a potion of brilliance {unknown}
 o - 2 potions of heal wounds {unknown}
 q - a potion of mutation {unknown}
 s - a potion of ambrosia {unknown}


   Skills:
 + Level 5.2 Fighting
 - Level 2.0 Dodging
 + Level 6.0 Unarmed Combat
 * Level 7.0 Shapeshifting


You had 7 spell levels left.
You didn't know any spells.
Your spell library contained the following spells:

 Spells                   Type           Power      Damage    Failure   Level
 Inner Flame              Hex/Fire       0%         N/A       75%         3
 Vhi's Electric Charge    Tloc/Air       0%         N/A       75%         3
 Flame Wave               Conj/Fire      0%         2d4       98%         4
 Leda's Liquefaction      Hex/Erth       0%         N/A       98%         4
 Sticky Flame             Conj/Fire      0%         2d3       98%         4
 Arcjolt                  Conj/Air       0%         1d10      100%        5
 Lee's Rapid Deconstruct  Erth           0%         3d4*      100%        5
 Leda's Unmaking          Conj/Erth      0%         9d1       100%        6
 Plasma Beam              Fire/Air       0%         2x1d10    100%        6


Dungeon Overview and Level Annotations

Branches:
Dungeon (7/15)             Temple (1/1) D:5

Altars:
Ashenzari
Cheibriados
Dithmenos
Elyvilon
Fedhas
Gozag
Hepliaklqana
Kikubaaqudgha
Makhleb
Nemelex Xobeh
Okawaru
Qazlal
Ru
Trog
Uskayaw
Vehumet
Wu Jian
Xom
Yredelemnul
Zin
The Shining One

Shops:
D:3 (   D:4 [


Innate Abilities, Weirdness & Mutations

You are something dangerously unstable.
You glow with magical radiation, making you easy to see and hit.
Foes you strike become dangerously contaminated with magical radiation.
You are incapable of wielding weapons or throwing items.
You cannot wear most types of armour.
You are amphibious.
You can wear up to eight rings at the same time.
Your skin changes colour to match your surroundings (Stealth+).
Your rubbery body absorbs attacks. (AC +1, EV +1)
((You are camouflaged when in or above water. (Stealth+)))
You have tentacles for arms and can constrict up to eight enemies at once.


Message History

The wight shudders as magic cascades through it!
You destroy the wight!
Your Unarmed Combat skill increases to level 6!
Your Shapeshifting skill increases to level 7!
No target in view!
You now have 918 gold pieces (gained 8).
Things that are here:
a +0 scimitar; a +0 robe A wight comes into view.
It is wielding a +3 battleaxe of freezing and quivering poisoned darts.
The wight throws a poisoned dart.
The poisoned dart hits you!
You are poisoned.
You feel sick.
The wight throws a poisoned dart.
The poisoned dart hits you!
You are more poisoned.
A wight comes into view. It is wielding a +4 spear.
Found a scale mail.
You feel very sick.
Found a hand axe and 10 gold pieces.
You feel very sick. The wight misses you.
You closely miss the wight. You grab the wight.
You squeeze the wight, but do no damage.
You constrict the wight, but do no damage.
You feel sick.
The wight hits you with a +3 battleaxe of freezing!!
You feel drained. The wight freezes you.
You tentacle-slap the wight.
The wight begins to glow.
You squeeze the wight.
The wight is moderately damaged.
You constrict the wight, but do no damage.
You feel sick.
The wight hits you with a +3 battleaxe of freezing!
* * * LOW HITPOINT WARNING * * *
The wight freezes you.
* * * LOW HITPOINT WARNING * * *
You tentacle-slap the wight.
The wight glows dangerously bright.
The wight is moderately damaged.
You constrict the wight, but do no damage.
You feel sick. The wight closely misses you.
The wight hits you with a +3 battleaxe of freezing!
You die...
Your body crumbles into a pile of gold.

#...[# #...... #....####
#...... #...)'..#
#...... #....##.#
#.........#####....##.##
+.......................
#......########.########
)......########.# #
.....zzB........# #
........######### #
.....##.# # .... #.# #
.[. ..# ## .$ ..# ##. .
...# #.. ...# #)# ##.#


You could see 2 wights.

Vanquished Creatures
  Menkaure (D:4)
  A water moccasin (D:5)
  An ice beast (D:7)
  A black bear (D:5)
  2 ogres
  A centaur (D:7)
  3 scorpions
  A wight (D:7)
  A howler monkey (D:5)
  An orc priest (D:4)
  3 hounds
  4 jellies
  5 iguanas
  An orc wizard (D:4)
  4 adders
  2 ufetubi
  2 worms
  A dart slug (D:3)
  8 orcs
  3 endoplasms
  4 giant cockroaches
  6 goblins
  4 hobgoblins
  5 jackals
  A quokka (D:4)
  6 ball pythons
  4 bats
  2 frilled lizards
  5 kobolds
  6 rats
89 creatures vanquished.

Notes
Turn   | Place    | Note
-------+----------+-------------------------------------------
     0 | D:1      | Gelion the Octopode Shapeshifter began the quest for the
                  | Orb.
     0 | D:1      | Reached XP level 1. HP: 13/13 MP: 1/1
   350 | D:1      | Reached XP level 2. HP: 16/18 MP: 2/2
  1244 | D:2      | Reached XP level 3. HP: 23/23 MP: 3/3
  1358 | D:3      | Identified a scroll of acquirement
  1358 | D:3      | Acquired 542 gold pieces
  1364 | D:3      | Found a bloodstained altar of Trog.
  1366 | D:3      | Found a hide-covered altar of Uskayaw.
  1652 | D:3      | Found Xyxeig's Antique Weapon Emporium.
  1831 | D:3      | Found a faded altar of an unknown god.
  2355 | D:4      | Noticed Menkaure
  2361 | D:4      | Killed Menkaure
  2362 | D:4      | Reached skill level 4 in Shapeshifting
  2362 | D:4      | Reached XP level 4. HP: 28/30 MP: 4/4
  2362 | D:4      | Reached XP level 5. HP: 33/35 MP: 5/5
  2456 | D:4      | Reached XP level 6. HP: 36/41 MP: 6/6
  2715 | D:4      | Reached skill level 5 in Shapeshifting
  2765 | D:4      | Reached XP level 7. HP: 10/46 MP: 7/7
  3171 | D:4      | Found Distyth's Armour Boutique.
  3416 | D:5      | Entered Level 5 of the Dungeon
  3627 | D:5      | Reached skill level 5 in Unarmed Combat
  3917 | D:5      | Reached skill level 6 in Shapeshifting
  3917 | D:5      | Reached XP level 8. HP: 49/54 MP: 8/8
  4030 | D:5      | You fall into a shaft and drop 1 floor!
  4072 | D:5      | Found an iron altar of Okawaru.
  4286 | D:5      | Found a staircase to the Ecumenical Temple.
  4298 | Temple   | Entered the Ecumenical Temple
  4374 | Temple   | Became a worshipper of Gozag Ym Sagoz the Greedy
  4732 | D:5      | Found a glowing silver altar of Zin.
  4732 | D:5      | Noticed an angel
  5822 | D:7      | Reached skill level 5 in Fighting
  6004 | D:7      | Reached skill level 7 in Shapeshifting
  6046 | D:7      | Slain by a wight

Illustrated notes

Levels and vault maps discovered:
D:1:      shiori_arrival_maze, layout_loops_ring, chequers_serial_rivers_micro_a
D:2:      minmay_angry_zag, layout_basic
D:3:      layout_basic, mainiacjoe_overflow_catwalk_spiral, serial_shops,
          nicolae_shop_gibbet_a_chance, hellmonk_ecumenical_altar_dog_temple,
          serial_glass, glass_columns_b, glass_columns_b, glass_columns_a,
          glass_columns_a, glass_columns_a, glass_columns_a, glass_columns_a,
          glass_columns_b, glass_columns_c, glass_columns_c, minmay_starry_boxes
D:4:      layout_loops_cross, serial_shops, shop, uniq_menkaure
D:5:      layout_layer_cave, mainiacjoe_overflow_alcove_2, zin_angel,
          temple_statues, serial_co_window_serial, co_window_paths_a,
          co_window_paths_a, co_window_paths_a, co_window_corner_a,
          co_window_of_opportunity_a, co_window_broadway_a,
          co_window_broadway_b, co_window_broadway_a, co_window_paths_c,
          co_window_of_opportunity_c, glass_columns_a, glass_columns_b,
          glass_columns_a, glass_columns_a, glass_columns_a
D:6:      layout_basic
D:7:      layout_basic, uniq_jeremiah
Temple:   minmay_crystal_spiral_temple

Skill      XL: |  1  2  3  4  5  6  7  8 |
---------------+-------------------------+-----
Fighting       | 2 3 4 5 |  5.2
Shapeshifting  | 4 5 6 7 |  7.0
Unarmed Combat | 4 5 6 |  6.0
Dodging        | |  2.0

Action                     |  1- 3 |  4- 6 |  7- 9 || total
---------------------------+-------+-------+-------++-------
  Melee: Unarmed           |    71 |    42 |    82 ||   195
         Constrict         |    19 |    11 |    17 ||    47
         Tentacles         |    14 |     8 |    30 ||    52
         Punch             |     2 |     4 |     3 ||     9
    Use: Scroll            |    11 |       |     6 ||    17
   Stab: Sleeping          |     3 |     1 |     3 ||     7
 Armour: Skin              |     5 |     2 |     2 ||     9
  Dodge: Dodged            |    43 |    28 |    37 ||   108
  Block: Other             |       |       |    13 ||    13
   Form: Flux              |       |       |     1 ||     1

Table legend: (Time is in decaauts)
 A = Elapsed time spent in this place.
 B = Non-inter-level travel time spent in this place.
 C = Inter-level travel time spent in this place.
 D = Time resting spent in this place.
 E = Time spent auto-exploring this place.
 F = Levels seen in this place.
 G = Mean time per level.
                   A        B        C        D        E       F      G
               +--------+--------+--------+--------+--------+-----+--------+
         Total |   6029 |   5723 |    306 |    273 |   4759 |   8 |  753.6 |
       Dungeon |   5876 |   5720 |    156 |    273 |   4759 |   7 |  839.4 |
        Temple |    152 |      2 |    150 |      0 |      0 |   1 |  152.0 |
               +--------+--------+--------+--------+--------+-----+--------+

Top non-repeatable levels by time:
     D:5: 1449 daAuts
     D:4: 1055 daAuts
     D:3: 996 daAuts
     D:6: 735 daAuts
     D:2: 689 daAuts
     D:1: 665 daAuts
     D:7: 285 daAuts
  Temple: 152 daAuts
